 Dungeon Crawl Stone Soup version 0.30-a0-341-g682706514a (webtiles) character file.

Game seed: 2290098358310065945

61 brightshaft the Shooter (level 3, -11/29 HPs)
             Began as a Demigod Hunter on Nov 4, 2022.
             Killed by divine providence
             ... invoked by an orc priest
              (13 damage)
             ... on level 4 of the Dungeon.
             The game lasted 00:02:09 (1119 turns).

brightshaft the Shooter (Demigod Hunter)            Turns: 1119, Time: 00:02:09

Health: -11/29     AC:  6    Str: 12    XL:     3   Next: 58%
Magic:  5/5        EV: 12    Int: 11    God:
Gold:   87         SH:  0    Dex: 21    Spells: 2/2 levels left

rFire   . . .      SeeInvis .    a - +0 shortbow
rCold   . . .      Faith    .    (shield currently unavailable)
rNeg    . . .      Spirit   .    c - +0 leather armour
rPois   .          Reflect  .    (no helmet)
rElec   .          Harm     .    (no cloak)
rCorr   .          Rampage  .    m - +2 pair of gloves
Will    .....                    (no boots)
Stlth   ++........               (no amulet)
HPRegen 0.24/turn                (no ring)
MPRegen 0.09/turn                (no ring)

@: no status effects
A: high MP 1, forlorn, divine attributes
a: no special abilities


You were on level 4 of the Dungeon.
You visited 1 branch of the dungeon, and saw 3 of its levels.

You collected 87 gold pieces.

Inventory:

Hand Weapons
 a - a +0 shortbow (weapon)
 k - a +0 sling
Armour
 c - a +0 leather armour (worn)
 e - a +0 ring mail
 m - a +2 pair of gloves (worn)
Scrolls
 b - a scroll of immolation
 f - a scroll of identify {unknown}
 i - a scroll of noise {unknown}
 l - a scroll of blinking {unknown}
 n - a scroll of fear {unknown}
Potions
 d - a potion of might {unknown}
 g - 2 potions of curing {unknown}
 h - a potion of resistance {unknown}
 j - a potion of heal wounds {unknown}


   Skills:
 - Level 2.0 Fighting
 * Level 4.8 Ranged Weapons
 - Level 2.0 Dodging
 - Level 1.2 Stealth


You had 2 spell levels left.
You didn't know any spells.
Your spell library was empty.

Dungeon Overview and Level Annotations

Branches:
Dungeon (2/15)


Innate Abilities, Weirdness & Mutations

You have an increased reservoir of magic. (+10% MP)
You shall have no god before yourself.
Your divine heritage dramatically boosts your attributes as you level up.


Message History

The orc priest hits you with a +0 club.
The orc priest attacks as you move away!
The orc priest barely misses you.
The orc priest miscasts a cantrip.
You shoot an arrow.
The arrow hits the orc priest but does no damage.
The orc priest invokes the aid of Beogh against you.
Pain shoots through your body!
You shoot an arrow.
The arrow hits the orc priest but does no damage.
The orc priest miscasts a cantrip.
You shoot an arrow. The arrow barely misses the orc priest.
The arrow hits the orc.
The orc is heavily wounded.
The orc priest calls upon Beogh to heal the orc.
The orc's wounds heal themselves!
You shoot an arrow.
The arrow hits the orc priest but does no damage.
The orc priest barely misses you.
You shoot an arrow. The arrow hits the orc!
You kill the orc!
You shoot an arrow.
The arrow hits the orc priest but does no damage.
The orc priest closely misses you.
You shoot an arrow. The arrow hits the orc priest.
The orc priest is moderately wounded.
The orc priest mumbles some strange prayers to Beogh against you.
Beogh smites you!
The orc priest hits you but does no damage.
The orc priest mumbles some strange prayers to Beogh against you.
Beogh smites you!
* * * LOW HITPOINT WARNING * * *
The orc priest barely misses you.
You are too injured to fight recklessly!
You are too injured to fight recklessly!
You are too injured to fight recklessly!
You are too injured to fight recklessly!
The orc priest calls down the wrath of Beogh upon you.
Beogh smites you!
You die...

### #.#
#.#############
###.##..........#
##.#.##.########.#
.....#...## #.#.#
...##.#.#.## #@#.#
........##.# #.#.#
.####.###.## #o#.#
.# ##.#.## #)#.#
.# ##.##
#o#.###.#. .# ###
####o#..o....
.#######
#...#..oo....
.......####
#.##.##.####.
######....# #.##.#
#


You could see 2 orc priests and an orc.

Vanquished Creatures
  A hound (D:4)
  An adder (D:4)
  A dart slug (D:1)
  An orc (D:4)
  A bat (D:1)
  3 endoplasms
  5 hobgoblins
  A ball python (D:1)
  2 frilled lizards (D:1)
  2 goblins (D:1)
  2 rats (D:1)
20 creatures vanquished.

Notes
Turn   | Place    | Note
-------+----------+-------------------------------------------
     0 | D:1      | brightshaft the Demigod Hunter began the quest for the Orb.
     0 | D:1      | Reached XP level 1. HP: 17/17 MP: 3/3
    78 | D:1      | Reached skill level 1 in Stealth
   213 | D:1      | Reached XP level 2. HP: 24/24 MP: 4/4
   539 | D:1      | Reached skill level 4 in Ranged Weapons
   903 | D:2      | You fall into a shaft and drop 2 floors!
   967 | D:4      | Reached XP level 3. HP: 13/29 MP: 5/5
  1117 | D:4      | HP: 1/29 [orc priest/divine providence (11)]
  1119 | D:4      | Killed from afar by an orc priest

Illustrated notes

Levels and vault maps discovered:
D:1:      wheals_arrival_shading, layout_basic, ebering_ecumenical_altar_rust
D:2:      layout_basic, minmay_tetromino_t4
D:4:      layout_loops_ring, uniq_crazy_yiuf_cottage, uniq_pikel

Skill      XL: |  1  2 |
---------------+-------+-----
Stealth        | 1 |  1.2
Fighting       | 2 |  2.0
Dodging        | 2 |  2.0
Ranged Weapons | 4 |  4.8

Action                   || total
-------------------------++-------
 Fire: Shortbow          ||    58
  Use: Scroll            ||     1
Armor: Leather armour    ||     8
Dodge: Dodged            ||    16

Table legend: (Time is in decaauts)
 A = Elapsed time spent in this place.
 B = Non-inter-level travel time spent in this place.
 C = Inter-level travel time spent in this place.
 D = Time resting spent in this place.
 E = Time spent auto-exploring this place.
 F = Levels seen in this place.
 G = Mean time per level.
                   A        B        C        D        E       F      G
               +--------+--------+--------+--------+--------+-----+--------+
         Total |   1137 |   1120 |     17 |      0 |    967 |   3 |  379.0 |
       Dungeon |   1137 |   1120 |     17 |      0 |    967 |   3 |  379.0 |
               +--------+--------+--------+--------+--------+-----+--------+

Top non-repeatable levels by time:
     D:1: 913 daAuts
     D:4: 224 daAuts
